| TOP OF THE 1ST |
|
Stanford University Cardinal batting - Pitching for Fresno State University Bulldogs : RHP Dave Heck
|
|
Pitching: RHP Dave Heck
|
|
|
Batting: RHB John Van der Linden
|
0-0: Ball 1-0: Foul Ball, location: 2F 1-1: Foul Ball, location: 2F 1-2: Foul Ball, location: 2F 1-2: Fly out, F4 (Popup, 4D, EV 44.4 MPH)
|
|
Batting: RHB Joe Gabriel
|
0-0: Called Strike 0-1: Ball 1-1: Foul Ball, location: 2F 1-2: Fly out, F7 (Flyball, 7LS, EV 80.6 MPH)
|
|
Batting: LHB Donny Kleinjan
|
0-0: Ball 1-0: Ground out 4-3 (Groundball, 4, EV 85.6 MPH)
|
| Top of the 1st over - 0 runs, 0 hits, 0 errors, 0 left on base; Stanford University 0 - Fresno State University 0 |
| BOTTOM OF THE 1ST |
|
Fresno State University Bulldogs batting - Pitching for Stanford University Cardinal : LHP Chris Hoebing
|
|
Pitching: LHP Chris Hoebing
|
|
|
Batting: RHB Sinfronio Carreon
|
0-0: Ball 1-0: Ball 2-0: Ball 3-0: Base on Balls
|
|
Batting: LHB Ollie Strauss
|
0-0: Grounds out, U3 (Groundball, 3L, EV 93.1 MPH)
|
|
Batting: SHB Carlton Stannard
|
0-0: Called Strike 0-1: Swinging Strike 0-2: Strikes out looking
|
|
Batting: RHB Sandy Munoz
|
0-0: Ball 1-0: Ball 2-0: Ground out 4-3 (Groundball, 4, EV 95.0 MPH)
|
| Bottom of the 1st over - 0 runs, 0 hits, 0 errors, 1 left on base; Stanford University 0 - Fresno State University 0 |
| TOP OF THE 2ND |
|
Stanford University Cardinal batting - Pitching for Fresno State University Bulldogs : RHP Dave Heck
|
|
Batting: RHB Joe Petley
|
0-0: Called Strike 0-1: Ball 1-1: Foul Ball, location: 2F 1-2: Ball 2-2: Fly out, F8 (Flyball, 8RD, EV 101.9 MPH)
|
|
Batting: LHB Chien Sam
|
0-0: Called Strike 0-1: Ball 1-1: Foul Ball, location: 2F 1-2: Foul Ball, location: 2F 1-2: Ball 2-2: Ground out 6-3 (Groundball, 6, EV 78.8 MPH)
|
|
Batting: LHB Bryan Davidson
|
0-0: Swinging Strike 0-1: Ball 1-1: Foul Ball, location: 2F 1-2: Ball 2-2: Ball 3-2: Ground out U3 (Groundball, 3, EV 88.1 MPH)
|
| Top of the 2nd over - 0 runs, 0 hits, 0 errors, 0 left on base; Stanford University 0 - Fresno State University 0 |
| BOTTOM OF THE 2ND |
|
Fresno State University Bulldogs batting - Pitching for Stanford University Cardinal : LHP Chris Hoebing
|
|
Batting: LHB Abraham Batista
|
0-0: Ball 1-0: Called Strike 1-1: Foul Ball, location: 2F 1-2: Ball 2-2: Ball 3-2: Fly out, F9 (Line Drive, 9S, EV 88.8 MPH)
|
|
Batting: RHB Danilo Baldia
|
0-0: Called Strike 0-1: Ball 1-1: Ground out 5-3 (Groundball, 5S, EV 68.8 MPH)
|
|
Batting: LHB Moktar Ame
|
0-0: Ball 1-0: Ball 2-0: Fly out, F7 (Flyball, 7, EV 91.2 MPH)
|
| Bottom of the 2nd over - 0 runs, 0 hits, 0 errors, 0 left on base; Stanford University 0 - Fresno State University 0 |
| TOP OF THE 3RD |
|
Stanford University Cardinal batting - Pitching for Fresno State University Bulldogs : RHP Dave Heck
|
|
Batting: RHB Josh Benefield
|
0-0: Ball 1-0: Ball 2-0: Called Strike 2-1: Fly out, F8 (Line Drive, 8LM, EV 96.2 MPH)
|
|
Batting: LHB Caleb Hartwell
|
0-0: Called Strike 0-1: Foul Ball, location: 2F 0-2: Ball 1-2: Strikes out swinging
|
|
Batting: RHB Ted Hickey
|
0-0: Ball 1-0: Ball 2-0: SINGLE (Groundball, 4D, EV 97.5 MPH)
|
|
Batting: RHB John Van der Linden
|
0-0: SINGLE (Line Drive, 34D, EV 95.6 MPH) Ted Hickey to second
|
|
Batting: RHB Joe Gabriel
|
0-0: Called Strike 0-1: Ball 1-1: SINGLE (Groundball, 56D, EV 98.1 MPH) Ted Hickey to third John Van der Linden to second Throwing error, E7 Ted Hickey scores John Van der Linden to third Joe Gabriel to second
|
|
Batting: LHB Donny Kleinjan
|
0-0: SINGLE (Line Drive, 56D, EV 98.1 MPH) John Van der Linden scores Joe Gabriel to third Runner from 3rd tries for Home, SAFE, throw by LF to home
|
|
Batting: RHB Joe Petley
|
0-0: Called Strike 0-1: Foul Ball, location: 2F 0-2: Foul Ball, location: 2F 0-2: Fly out, F8 (Line Drive, 8LD, EV 100.0 MPH)
|
| Top of the 3rd over - 3 runs, 4 hits, 1 error, 1 left on base; Stanford University 3 - Fresno State University 0 |
| BOTTOM OF THE 3RD |
|
Fresno State University Bulldogs batting - Pitching for Stanford University Cardinal : LHP Chris Hoebing
|
|
Batting: RHB Greg Meyer
|
0-0: Called Strike 0-1: Ball 1-1: Foul Ball, location: 2F 1-2: Fly out, F4 (Line Drive, 4MD, EV 74.4 MPH)
|
|
Batting: RHB Charles Shaw
|
0-0: Ball 1-0: Foul Ball, location: 2F 1-1: SINGLE (Line Drive, 3D, EV 99.4 MPH)
|
|
Batting: RHB Sinfronio Carreon
|
0-0: Called Strike 0-1: Called Strike 0-2: Fielders Choice at 2nd, 3-6 (Groundball, 23, EV 83.8 MPH)
|
|
Batting: LHB Ollie Strauss
|
0-0: Ball 1-0: Ball 2-0: DOUBLE (Line Drive, 78D, EV 108.8 MPH) Sinfronio Carreon to third Runner from 3rd tries for Home, SAFE, throw by CF to home
|
|
Pinch Runner at 2nd Gary Christianson:
|
|
|
Batting: SHB Carlton Stannard
|
0-0: Called Strike 0-1: Ball 1-1: Foul Ball, location: 2F 1-2: SINGLE (Line Drive, 4MD, EV 103.8 MPH) Gary Christianson to third Runner from 3rd tries for Home, SAFE, throw by CF to home
|
|
Batting: RHB Sandy Munoz
|
0-0: Called Strike 0-1: Ball 1-1: Ball 2-1: Fielders Choice at 2nd, 6-4 (Groundball, 56, EV 80.0 MPH)
|
| Bottom of the 3rd over - 2 runs, 3 hits, 0 errors, 1 left on base; Stanford University 3 - Fresno State University 2 |
| TOP OF THE 4TH |
|
Stanford University Cardinal batting - Pitching for Fresno State University Bulldogs : RHP Dave Heck
|
|
Now in LF: Moktar Ame
|
|
|
Now in CF: Gary Christianson
|
|
|
Batting: LHB Chien Sam
|
0-0: Called Strike 0-1: SINGLE (Line Drive, 56D, EV 100.0 MPH)
|
|
Batting: LHB Bryan Davidson
|
0-0: Ball 1-0: Ball 2-0: Ball 3-0: Foul Ball, location: 2F 3-1: Foul Ball, location: 2F 3-2: Fly out, F9 (Flyball, 9S, EV 77.5 MPH)
|
|
Batting: RHB Josh Benefield
|
0-0: Called Strike 0-1: Called Strike 0-2: Fly out, F8 (Flyball, 8LXD, EV 88.1 MPH)
|
|
Batting: LHB Caleb Hartwell
|
0-0: Fly out, F8 (Flyball, 8LXD, EV 100.6 MPH)
|
| Top of the 4th over - 0 runs, 1 hit, 0 errors, 1 left on base; Stanford University 3 - Fresno State University 2 |
| BOTTOM OF THE 4TH |
|
Fresno State University Bulldogs batting - Pitching for Stanford University Cardinal : LHP Chris Hoebing
|
|
Batting: LHB Abraham Batista
|
0-0: Ball 1-0: Foul Ball, location: 2F 1-1: Fly out, F6 (Popup, 56, EV 58.1 MPH)
|
|
Batting: RHB Danilo Baldia
|
0-0: Ground out 6-3 (Groundball, 56, EV 81.2 MPH)
|
|
Batting: LHB Moktar Ame
|
0-0: Ball 1-0: Ball 2-0: Ground out 1-3 (Groundball, 13S, EV 75.0 MPH)
|
| Bottom of the 4th over - 0 runs, 0 hits, 0 errors, 0 left on base; Stanford University 3 - Fresno State University 2 |
| TOP OF THE 5TH |
|
Stanford University Cardinal batting - Pitching for Fresno State University Bulldogs : RHP Dave Heck
|
|
Batting: RHB Ted Hickey
|
0-0: Ball 1-0: Ball 2-0: Fly out, F8 (Flyball, 8RD, EV 91.9 MPH)
|
|
Batting: RHB John Van der Linden
|
0-0: Swinging Strike 0-1: Ground out 6-3 (Groundball, 56, EV 99.4 MPH)
|
|
Batting: RHB Joe Gabriel
|
0-0: Called Strike 0-1: Called Strike 0-2: Foul Ball, location: 2F 0-2: Ball 1-2: Foul Ball, location: 2F 1-2: Ball 2-2: Ball 3-2: SINGLE (Line Drive, 89S, EV 98.1 MPH)
|
|
Batting: LHB Donny Kleinjan
|
0-0: Ball 1-0: Ball 2-0: SINGLE (Line Drive, 89M, EV 106.9 MPH) Joe Gabriel to second Runner from 2nd tries for 3rd, SAFE, throw by CF made to third
|
|
Batting: RHB Joe Petley
|
0-0: Called Strike 0-1: Fly out, F3 (Popup, 3SF, EV 85.6 MPH)
|
| Top of the 5th over - 0 runs, 2 hits, 0 errors, 2 left on base; Stanford University 3 - Fresno State University 2 |
| BOTTOM OF THE 5TH |
|
Fresno State University Bulldogs batting - Pitching for Stanford University Cardinal : LHP Chris Hoebing
|
|
Batting: RHB Greg Meyer
|
0-0: Called Strike 0-1: Ball 1-1: Foul Ball, location: 2F 1-2: Ball 2-2: Ball 3-2: Foul Ball, location: 2F 3-2: Base on Balls
|
|
Batting: RHB Charles Shaw
|
0-0: Ground out 6-3 (Groundball, 6, EV 102.5 MPH) Greg Meyer to second
|
|
Batting: RHB Sinfronio Carreon
|
0-0: Foul Ball, location: 2F 0-1: Ground out U3 (Groundball, 3, EV 105.0 MPH) Greg Meyer to third
|
|
Batting: SHB Gary Christianson
|
0-0: Ball 1-0: Called Strike 1-1: Foul Ball, location: 2F 1-2: Strikes out swinging
|
| Bottom of the 5th over - 0 runs, 0 hits, 0 errors, 1 left on base; Stanford University 3 - Fresno State University 2 |
| TOP OF THE 6TH |
|
Stanford University Cardinal batting - Pitching for Fresno State University Bulldogs : RHP Dave Heck
|
|
Batting: LHB Chien Sam
|
0-0: Ground out 4-3 (Groundball, 4, EV 103.1 MPH)
|
|
Batting: LHB Bryan Davidson
|
0-0: Ball 1-0: Ball 2-0: Ball 3-0: Called Strike 3-1: Fly out, F8 (Flyball, 8LD, EV 91.9 MPH)
|
|
Batting: RHB Josh Benefield
|
0-0: Ball 1-0: Called Strike 1-1: Ball 2-1: Called Strike 2-2: Ball 3-2: Strikes out swinging
|
| Top of the 6th over - 0 runs, 0 hits, 0 errors, 0 left on base; Stanford University 3 - Fresno State University 2 |
| BOTTOM OF THE 6TH |
|
Fresno State University Bulldogs batting - Pitching for Stanford University Cardinal : LHP Chris Hoebing
|
|
Batting: SHB Carlton Stannard
|
0-0: SOLO HOME RUN (Flyball, 7LD, EV 109.4 MPH), Distance : 407 ft
|
|
Batting: RHB Sandy Munoz
|
0-0: Ball 1-0: Called Strike 1-1: Swinging Strike 1-2: Strikes out looking
|
|
Batting: LHB Abraham Batista
|
0-0: Ball 1-0: SOLO HOME RUN (Flyball, 89XD, EV 109.4 MPH), Distance : 405 ft
|
|
Batting: RHB Danilo Baldia
|
0-0: Called Strike 0-1: SINGLE (Groundball, 4M, EV 105.0 MPH) (infield hit)
|
|
Batting: LHB Moktar Ame
|
0-0: Ball 1-0: Ball 2-0: Called Strike 2-1: Called Strike 2-2: Ball 3-2: Foul Ball, location: 2F 3-2: Strikes out swinging
|
|
Batting: RHB Greg Meyer
|
0-0: Ball 1-0: Ball 2-0: Fly out, F8 (Flyball, 8LD, EV 100.0 MPH)
|
| Bottom of the 6th over - 2 runs, 3 hits, 0 errors, 1 left on base; Stanford University 3 - Fresno State University 4 |
| TOP OF THE 7TH |
|
Stanford University Cardinal batting - Pitching for Fresno State University Bulldogs : RHP Dave Heck
|
|
Pitching: LHP Denis van de Kolk
|
|
|
Pinch Hitting: LHB Andy Swan
|
0-0: Ball 1-0: Ball 2-0: Fly out, F8 (Flyball, 8LD, EV 102.5 MPH)
|
|
Pitching: RHP Alex Gutierrez
|
|
|
Batting: RHB Ted Hickey
|
0-0: Called Strike 0-1: Foul Ball, location: 2F 0-2: Fly out, F8 (Flyball, 8RS, EV 88.1 MPH)
|
|
Batting: RHB John Van der Linden
|
0-0: Called Strike 0-1: Called Strike 0-2: Strikes out swinging
|
| Top of the 7th over - 0 runs, 0 hits, 0 errors, 0 left on base; Stanford University 3 - Fresno State University 4 |
| BOTTOM OF THE 7TH |
|
Fresno State University Bulldogs batting - Pitching for Stanford University Cardinal : LHP Chris Hoebing
|
|
Now in LF: Mike Keating
|
|
|
Batting: RHB Charles Shaw
|
0-0: Ball 1-0: Swinging Strike 1-1: Ball 2-1: Swinging Strike 2-2: Strikes out looking
|
|
Pitching: LHP Larry Steen
|
|
|
Batting: RHB Sinfronio Carreon
|
0-0: Foul Ball, location: 2F 0-1: Ball 1-1: Foul Ball, location: 2F 1-2: Strikes out looking
|
|
Batting: SHB Gary Christianson
|
0-0: Fly out, F7 (Flyball, 7LSF, EV 91.2 MPH)
|
| Bottom of the 7th over - 0 runs, 0 hits, 0 errors, 0 left on base; Stanford University 3 - Fresno State University 4 |
| TOP OF THE 8TH |
|
Stanford University Cardinal batting - Pitching for Fresno State University Bulldogs : RHP Alex Gutierrez
|
|
Batting: RHB Joe Gabriel
|
0-0: Swinging Strike 0-1: DOUBLE (Line Drive, 8RD, EV 106.9 MPH)
|
|
Batting: LHB Donny Kleinjan
|
0-0: Ball 1-0: Ball 2-0: Called Strike 2-1: Ground out 4-3 (Groundball, 4S, EV 70.0 MPH) Joe Gabriel to third
|
|
Pinch Hitting: RHB Gary Preston
|
0-0: Ball 1-0: Called Strike 1-1: Ball 2-1: Ball 3-1: Called Strike 3-2: SINGLE (Groundball, 6MD, EV 101.2 MPH) Joe Gabriel scores
|
|
Batting: LHB Chien Sam
|
0-0: 2-RUN HOME RUN (Line Drive, 9D, EV 105.0 MPH), Distance : 379 ft
|
|
Pitching: RHP Antonio Levario
|
|
|
Batting: LHB Bryan Davidson
|
0-0: Ball 1-0: Ball 2-0: Ball 3-0: Called Strike 3-1: SINGLE (Line Drive, 34D, EV 93.8 MPH)
|
|
Batting: RHB Josh Benefield
|
0-0: Called Strike 0-1: Called Strike 0-2: Grounds into double play, 6-4-3 (Groundball, 6, EV 83.1 MPH)
|
| Top of the 8th over - 3 runs, 4 hits, 0 errors, 0 left on base; Stanford University 6 - Fresno State University 4 |
| BOTTOM OF THE 8TH |
|
Fresno State University Bulldogs batting - Pitching for Stanford University Cardinal : LHP Larry Steen
|
|
Now at 3B: Dzevat Koljevic
|
|
|
Batting: SHB Carlton Stannard
|
0-0: Ball 1-0: Ball 2-0: Foul Ball, location: 2F 2-1: Foul Ball, location: 2F 2-2: Ball 3-2: Strikes out looking
|
|
Batting: RHB Sandy Munoz
|
0-0: Ball 1-0: Called Strike 1-1: Ball 2-1: SINGLE (Line Drive, 4MD, EV 97.5 MPH)
|
|
Batting: LHB Abraham Batista
|
0-0: Called Strike 0-1: Ball 1-1: Foul Ball, location: 2F 1-2: Ball 2-2: Strikes out looking
|
|
Batting: RHB Danilo Baldia
|
0-0: Ball 1-0: Called Strike 1-1: Foul Ball, location: 2F 1-2: Ball 2-2: Fly out, F8 (Flyball, 8LD, EV 102.5 MPH)
|
| Bottom of the 8th over - 0 runs, 1 hit, 0 errors, 1 left on base; Stanford University 6 - Fresno State University 4 |
| TOP OF THE 9TH |
|
Stanford University Cardinal batting - Pitching for Fresno State University Bulldogs : RHP Antonio Levario
|
|
Pitching: RHP Milojica Mrdja
|
|
|
Batting: LHB Mike Keating
|
0-0: Called Strike 0-1: Ground out 5-3 (Groundball, 56, EV 76.2 MPH)
|
|
Batting: RHB Ted Hickey
|
0-0: Ground out 6-3 (Groundball, 4M, EV 90.0 MPH)
|
|
Batting: RHB John Van der Linden
|
0-0: Called Strike 0-1: Foul Ball, location: 2F 0-2: Ground out 1-3 (Groundball, 15S, EV 66.2 MPH)
|
| Top of the 9th over - 0 runs, 0 hits, 0 errors, 0 left on base; Stanford University 6 - Fresno State University 4 |
| BOTTOM OF THE 9TH |
|
Fresno State University Bulldogs batting - Pitching for Stanford University Cardinal : LHP Larry Steen
|
|
Pitching: RHP Warren Waldman
|
|
|
Batting: LHB Moktar Ame
|
0-0: Called Strike 0-1: Ball 1-1: Fly out, F8 (Line Drive, 89M, EV 98.1 MPH)
|
|
Pinch Hitting: LHB Brad Benanti
|
0-0: Foul Ball, location: 2F 0-1: Foul Ball, location: 2F 0-2: Strikes out swinging
|
|
Batting: RHB Charles Shaw
|
0-0: Foul Ball, location: 2F 0-1: Ball 1-1: Swinging Strike 1-2: Ball 2-2: Strikes out looking
|
| Bottom of the 9th over - 0 runs, 0 hits, 0 errors, 0 left on base; Stanford University 6 - Fresno State University 4 |
|